AoeStats
← 放羊老汉

Nomad

510570943Analyzed
4v4 RM · 13h ago on Oct 1, 2026· 49m 59s· 8 players
Game mode
Random Map
Map size
231×231
Population
200
Speed
Normal
Resources
Standard
Victory
Conquest
Starting age
Dark Age
Ending age
Imperial Age
RankedLock teamsTeams togetherTeam positionsShared explorationLock speedFull tech treeHidden civsTurbo modeCheats
Victory
Defeat
🇮🇹 Vietnamese · Italy
1341
+13
🇺🇸 Koreans · United States
1331
+14
🇹🇷 Maya · Türkiye
1212
+19
🇪🇸 Ethiopians · Spain
1196
+20
🇭🇰 Vietnamese · Hong Kong SAR China
1337
-19
🇭🇰 Varangians · Hong Kong SAR China
1296
-17
🇨🇳 Huns · China
1257
-16
🇧🇷 Spanish · Brazil
1227
-14
他并不是一个笨比
4:58 Loom
14:16 Feudal Age
16:15 Double-Bit Axe
19:09 Castle Age
16:52 Horse Collar
19:29 Scale Barding Armor
19:35 Forging
20:53 Wheelbarrow
20:29 Gold Mining
21:25 Husbandry
24:12 Bow Saw
25:46 Chain Barding Armor
26:49 Hand Cart
26:52 Stone Mining
28:37 Iron Casting
29:17 Town Watch
33:03 Imperial Age
32:28 Heavy Plow
33:12 Gold Shaft Mining
36:38 Bloodlines
36:13 Cavalier
39:14 Plate Barding Armor
39:41 Blast Furnace
39:20 Light Cavalry
40:15 Hussar
41:29 Conscription
41:10 Marauders
UnHappy
4:57 Loom
14:16 Feudal Age
15:51 Double-Bit Axe
18:47 Castle Age
16:49 Horse Collar
17:04 Gold Mining
18:26 Fishing Lines
19:51 Bow Saw
20:53 Wheelbarrow
21:29 Fletching
22:05 Crossbowman
24:22 Bodkin Arrow
26:22 Padded Archer Armor
27:30 Ballistics
29:22 Hand Cart
29:42 Leather Archer Armor
30:59 Thumb Ring
34:43 Imperial Age
34:10 Thumb Ring
35:00 Heavy Plow
36:27 Chemistry
35:29 Bracer
35:17 Arbalester
36:57 Siege Engineers
37:47 Ring Archer Armor
40:08 Two-Man Saw
39:27 Elite Skirmisher
40:36 Scale Mail Armor
40:46 Forging
40:59 Paper Money
Pino
5:16 Loom
16:06 Feudal Age
21:21 Castle Age
20:06 Horse Collar
20:13 Double-Bit Axe
20:50 Stone Mining
21:50 Scale Barding Armor
22:43 Bow Saw
24:05 Chain Barding Armor
28:51 Padded Archer Armor
32:11 Leather Archer Armor
39:41 Imperial Age
38:23 Bloodlines
38:14 Husbandry
38:46 Ballistics
40:46 Conscription
41:07 Ring Archer Armor
41:44 Chemistry
41:30 Elite Conquistador
放羊老汉
4:50 Loom
14:04 Feudal Age
14:33 Double-Bit Axe
19:36 Castle Age
18:11 Horse Collar
20:23 Heavy Plow
20:34 Bow Saw
32:23 Imperial Age
30:05 Gold Mining
30:06 Stone Mining
30:18 Town Watch
31:09 Wheelbarrow
32:30 Forging
32:26 Scale Barding Armor
33:54 Crop Rotation
34:29 Hand Cart
36:03 Elite Jarl
36:06 Vendel Legacy
37:56 Two-Man Saw
37:08 Gothikon
40:17 Chain Barding Armor
41:08 Heavy Mounted Crossbowman
41:10 Cranequins
41:43 Fletching
41:53 Padded Archer Armor
PILLOSAURIO
5:14 Loom
14:07 Feudal Age
17:45 Castle Age
15:39 Double-Bit Axe
16:32 Fishing Lines
19:42 Wheelbarrow
19:18 Gillnets
19:46 Bow Saw
21:31 Gold Mining
23:50 Fletching
24:27 Crossbowman
25:03 Bodkin Arrow
26:59 Gold Shaft Mining
26:45 Stone Mining
28:13 Padded Archer Armor
28:46 Town Watch
32:34 Imperial Age
30:21 Hand Cart
31:07 Leather Archer Armor
31:49 Ballistics
33:03 Thumb Ring
34:12 Capped Ram
35:13 Arbalester
37:14 Stone Shaft Mining
37:30 Bracer
39:34 Ring Archer Armor
39:42 Siege Ram
48:21 Chemistry
47:17 Murder Holes
47:33 Masonry
50:33 Torsion Engines
50:55 Conscription
MineirodeOuro
4:05 Loom
25:42 Feudal Age
38:35 Castle Age
1s3m
4:03 Loom
13:51 Feudal Age
19:31 Castle Age
17:22 Double-Bit Axe
22:41 Pikeman
23:32 Squires
30:33 Eagle Warrior
30:59 Arson
31:52 Scale Mail Armor
36:01 Wheelbarrow
36:38 Fletching
36:49 Padded Archer Armor
36:59 Forging
37:05 Chain Mail Armor
37:08 Crossbowman
37:47 Bodkin Arrow
38:10 Hand Cart
40:37 Ballistics
40:34 Thumb Ring
41:40 Gold Mining
42:13 Leather Archer Armor
46:15 Imperial Age
46:09 Hul'che Javelineers
46:22 Arbalester
48:11 Chemistry
46:52 Halberdier
48:06 Conscription
48:46 Capped Ram
GdR_Salinaro
5:27 Loom
13:02 Feudal Age
13:34 Double-Bit Axe
15:23 Wheelbarrow
17:06 Fishing Lines
22:34 Castle Age
21:44 Stone Mining
21:47 Gold Mining
23:34 Medium Warships
23:15 Gillnets
24:01 Bow Saw
26:38 Hand Cart
26:25 Horse Collar
28:01 Stone Shaft Mining
32:23 Imperial Age
31:39 Scale Barding Armor
31:45 Forging
32:03 Heavy Plow
34:14 Two-Man Saw
33:30 Husbandry
33:43 Bloodlines
34:11 Iron Casting
33:57 Chain Barding Armor
35:26 Chatras
35:12 Elite Battle Elephant
37:10 Plate Barding Armor
37:53 Fletching
42:24 Town Watch
44:06 Ballistics
44:47 Chemistry
43:57 Masonry
43:53 Siege Engineers
43:43 Murder Holes
44:53 Bodkin Arrow
47:00 Town Patrol
Connection lost

Rejoining the realm…

Still unreachable

The connection could not be restored.

Session expired

The server has moved on; the page needs a fresh start.